 Dungeon Crawl Stone Soup version 0.31.0-11-ge490571c62 (webtiles) character file.

Game seed: 21698631902924733

32809 qw the Spry (level 13, -13/67 HPs)
             Began as a Spriggan Hunter on Feb 5, 2024.
             Was an Elder of Okawaru.
             Mangled by a black mamba (14 damage)
             ... on level 5 of the Lair of Beasts.
             The game lasted 00:48:24 (23890 turns).

qw the Spry (Spriggan Hunter)                      Turns: 23890, Time: 00:48:25

Health: -13/67     AC:  7    Str:  7    XL:     13   Next: 33%
Magic:  16/21      EV: 36    Int: 10    God:    Okawaru [****..]
Gold:   587        SH:  0    Dex: 24    Spells: 12/12 levels left

rFire   + . .        y - +0 orcbow (heavy)
rCold   + . .        (shield currently unavailable)
rNeg    . . .        d - +2 robe {rC+}
rPois   .            (helmet restricted)
rElec   .            k - +2 cloak
rCorr   .            (gloves unavailable)
SInv    +            (boots unavailable)
Will    ++...        h - amulet of the acrobat
Stlth   +            j - +4 ring of slaying {mikee}
HPRegen 0.31/turn    i - ring of protection from fire
MPRegen 0.17/turn

%: acrobat
@: about to teleport, finesse-ful, spiked, slow
A: very small, no large weapons, unfitting armour, see invisible, speed 3
a: Renounce Religion, Heroism, Finesse


You were on level 5 of the Lair of Beasts.
You worshipped Okawaru.
Okawaru was greatly pleased with you.
You visited 3 branches of the dungeon, and saw 14 of its levels.

You collected 831 gold pieces.
You spent 244 gold pieces at shops.


Innate Abilities, Weirdness & Mutations

You are very small and have problems with some larger weapons.
You are too small for most types of armour.
You have supernaturally acute eyesight. (SInv)
You cover ground extremely quickly. (Speed+++)


   Skills:
 - Level 7.0 Fighting
 + Level 14.1 Ranged Weapons
 - Level 1.2 Armour
 - Level 17.5 Dodging
 - Level 1.5 Stealth
 - Level 10.0 Invocations


You had 12 spell levels left.
You didn't know any spells.
Your spell library was empty.

Inventory:

Hand Weapons
 y - a +0 heavy orcbow (weapon)
Armour
 c - +0 steam dragon scales
 d - a +2 robe of cold resistance (worn)
 k - a +2 cloak (worn)
Jewellery
 h - an amulet of the acrobat (around neck)
 i - a ring of protection from fire (right hand)
 j - a +4 ring of slaying (left hand) {mikee}
 o - a ring of protection from cold
 t - a ring of resist corrosion
 Y - a ring of willpower
Wands
 p - a wand of acid (5)
 q - a wand of mindburst (8)
 s - a wand of paralysis (6)
 u - a wand of polymorph (4)
 v - a wand of roots (2)
Scrolls
 a - a scroll of identify
 g - 2 scrolls of teleportation
 r - 2 scrolls of brand weapon
 w - a scroll of enchant armour
Potions
 b - 3 potions of curing
 e - a potion of mutation
 f - a potion of enlightenment
 l - a potion of cancellation
 m - a potion of might
 n - 3 potions of resistance
 x - a potion of lignification {unknown}

Dungeon Overview and Level Annotations

Branches:
Dungeon (8/15)             Temple (1/1) D:7            Lair (5/5) D:8
 Shoals (0/4) Lair:2       Spider (0/4) Lair:2
  Slime: Lair:4-5

Altars:
Ashenzari
Cheibriados
Dithmenos
Elyvilon
Fedhas
Gozag
Hepliaklqana
Kikubaaqudgha
Makhleb
Nemelex Xobeh
Okawaru
Qazlal
Ru
Sif Muna
Trog
Uskayaw
Vehumet
Wu Jian
Yredelemnul
Zin
The Shining One

Shops:
D:4 :   D:6 *

Annotations:
D:2 exclusion: hobgoblin
Lair:1 exclusion: electric eel


Message History

You shoot an arrow. The arrow hits the cane toad.
The cane toad is heavily wounded.
The cane toad completely misses you.
The manticore flicks its tail.
The volley of spikes skewers you.
The barbed spikes become lodged in your body.
You shoot an arrow. The arrow hits the cane toad!
The cane toad is almost dead.
A wind drake comes into view.
The cane toad stings you.
The manticore flicks its tail.
The volley of spikes skewers you!!
The barbed spikes become lodged in your body.
A rime drake comes into view.
23886 ||| INVOKING Finesse.
You can now deal lightning-fast blows.
You can no longer enter into single combat with a foe.
Okawaru will no longer gift you throwing weapons.
The cane toad closely misses you. The cane toad completely misses you.
You shoot an arrow. The arrow hits the cane toad!!
You kill the cane toad!
Okawaru accepts your kill. The black mamba misses you.
You shoot an arrow.
The arrow barely misses the black mamba.
The arrow hits the plant!!
The plant begins to die.
The plant is lightly damaged.
A nearby plant withers and dies.
The manticore flicks its tail.
The volley of spikes skewers you!
The barbed spikes become lodged in your body.
The black mamba bites you!
23889 ||| READING 3 scrolls of teleportation.
As you read the scroll of teleportation, it crumbles to dust.
You feel strangely unstable. The black mamba completely misses you.
The black mamba misses you.
You shoot an arrow. The arrow closely misses the manticore.
The wind drake flaps its wings at you. The air twists around and strikes you!
The black mamba bites you!
You die...

...............
................
............:...
.....<.............
...[..............P# .#
....................##.#
....~~.~.~~.~...........
##~.#@~~##.......# #..
#~~kSH~~##~.<[...###..
~P~~~~~~~~~~......#.##P.
~~#~P~##~~~~........#...
~~~~~ #~~#~~......#.P..
~~~~~~ #~.##~.......P...
~~~~P #~~~~~...........
##### #~.~~............
#..#~~......P..P#


You could see a wind drake (repels missiles), a manticore and a black mamba.

Vanquished Creatures
  4 hydras
  2 two-headed ogres (D:8)
  Urug (Lair:3)
  A death yak (Lair:3)
  A skyshark (Lair:3)
  2 oklob plants
  An elephant (Lair:3)
  A torpor snail (Lair:2)
  4 black mambas
  10 cane toads
  Jeremiah (D:7)
  15 komodo dragons
  6 rime drakes
  2 polar bears
  A snapping turtle (Lair:2)
  A hornet (Lair:1)
  Grinder (D:6)
  11 blink frogs
  3 jumping spiders (Lair:2)
  A water elemental (Lair:2)
  A shadow (D:6)
  3 culicivoras (Lair:2)
  26 yaks
  7 basilisks
  4 wyverns
  4 steam dragons
  2 redbacks (Lair:2)
  18 water moccasins
  Duvessa (D:6)
  2 sky beasts (D:8)
  4 orc warriors
  2 black bears
  An ogre (D:5)
  7 wolves
  2 centaurs
  A phantom (D:6)
  2 kobold brigands
  6 bullfrogs
  5 scorpions
  5 wights (D:7)
  Dowan (D:6)
  7 electric eels
  A howler monkey (D:8)
  A bombardier beetle (D:6)
  12 jellies
  A gnoll bouda (D:5)
  6 hounds
  2 orc priests
  8 iguanas
  4 orc wizards
  11 gnolls
  4 adders
  6 white imps
  2 ufetubi (D:6)
  3 ribbon worms
  4 dart slugs
  20 orcs
  10 bats
  23 endoplasms
  3 giant cockroaches
  9 goblins
  12 hobgoblins
  11 jackals
  10 kobolds
  4 quokkas
  4 ball pythons
  3 frilled lizards (D:1)
  3 rats
357 creatures vanquished.

Notes
Turn   | Place    | Note
-------+----------+-------------------------------------------
     0 | D:1      | qw the Spriggan Hunter began the quest for the Orb.
     0 | D:1      | Reached XP level 1. HP: 10/10 MP: 2/2
     0 | D:1      | 0 ||| qw: Version: 0.3-a-160-g6735b56
     0 | D:1      | 0 ||| qw: Game counter: 6232
     0 | D:1      | 0 ||| qw: Melee chars always use a shield: true
     0 | D:1      | 0 ||| qw: God list: Okawaru
     0 | D:1      | 0 ||| qw: Allow faded altars: false
     0 | D:1      | 0 ||| qw: Do Orc after clearing Dungeon:15 true
     0 | D:1      | 0 ||| qw: Do second Lair branch before Depths: true
     0 | D:1      | 0 ||| qw: Lair rune preference: random
     0 | D:1      | 0 ||| qw: Goals: Normal
     0 | D:1      | 0 ||| PLANNING D:1-11
   122 | D:1      | Reached skill level 3 in Dodging
   229 | D:1      | Reached XP level 2. HP: 14/14 MP: 3/3
   334 | D:1      | Reached skill level 4 in Dodging
   617 | D:1      | 617 ||| DROPPING +0 sling of electrocution.
   991 | D:1      | 991 ||| READING scroll labelled ZASOIN UWNO.
   992 | D:1      | 992 ||| READING 3 scrolls labelled MIOLUC KOIMYE.
   992 | D:1      | 992 ||| IDENTIFYING lumpy yellow potion
   993 | D:1      | 993 ||| READING 2 scrolls of identify.
   993 | D:1      | 993 ||| IDENTIFYING black potion
   994 | D:1      | 994 ||| READING scroll of identify.
   994 | D:1      | 994 ||| IDENTIFYING scroll labelled RAMUSHAJAST
   995 | D:1      | 995 ||| READING 2 scrolls labelled AMOLOK VEYMEB.
  1000 | D:1      | 1000 ||| DROPPING scroll of butterflies.
  1001 | D:1      | 1001 ||| DROPPING scroll of poison.
  1028 | D:2      | Reached XP level 3. HP: 18/18 MP: 4/4
  1260 | D:2      | 1260 ||| UPGRADING to ring of willpower.
  1539 | D:2      | 1539 ||| READING scroll of identify.
  1539 | D:2      | 1539 ||| IDENTIFYING puce potion
  2030 | D:3      | Reached XP level 4. HP: 22/22 MP: 5/5
  2046 | D:3      | Found an opulent altar of Gozag.
  2046 | D:3      | Found an ornate altar of the Wu Jian Council.
  2059 | D:3      | Found a white marble altar of Elyvilon.
  2061 | D:3      | Found a sparkling altar of Nemelex Xobeh.
  2105 | D:3      | Found a burning altar of Makhleb.
  2160 | D:3      | Reached skill level 5 in Dodging
  2160 | D:3      | HP: 5/22 [ribbon worm (6)]
  2161 | D:3      | 2161 ||| READING 2 scrolls of teleportation.
  2161 | D:3      | HP: 2/22 [ribbon worm (4)]
  2162 | D:3      | 2162 ||| DRINKING potion of heal wounds.
  2417 | D:3      | Found a faded altar of an unknown god.
  2557 | D:3      | Found a shadowy altar of Dithmenos.
  2557 | D:3      | Noticed a shadow
  2558 | D:3      | Found a hazy altar of Hepliaklqana.
  2628 | D:3      | Reached XP level 5. HP: 15/26 MP: 6/6
  2921 | D:3      | 2921 ||| UPGRADING to +1 cloak.
  2926 | D:3      | 2926 ||| UPGRADING to ring of protection from fire.
  2927 | D:3      | 2927 ||| READING 2 scrolls labelled LEZ KATURAST.
  2928 | D:3      | 2928 ||| READING scroll labelled BEREFAV SECUOD.
  2929 | D:3      | 2929 ||| DROPPING scroll of blinking.
  2959 | D:4      | Found Qylyar's Book Shop.
  3168 | D:4      | Reached skill level 6 in Ranged Weapons
  3355 | D:4      | Reached XP level 6. HP: 18/30 MP: 7/7
  3497 | D:4      | Reached skill level 6 in Dodging
  3559 | D:4      | Found a hide-covered altar of Uskayaw.
  3761 | D:4      | 3761 ||| UPGRADING to +4 ring of slaying {mikee}.
  3788 | D:5      | Entered Level 5 of the Dungeon
  3847 | D:5      | 3847 ||| FLEEEEING.
  3848 | D:5      | 3848 ||| FLEEEEING.
  3849 | D:5      | 3849 ||| FLEEEEING.
  3850 | D:5      | 3850 ||| FLEEEEING.
  3851 | D:5      | 3851 ||| FLEEEEING.
  3852 | D:5      | 3852 ||| FLEEEEING.
  3856 | D:5      | 3856 ||| FLEEEEING.
  3884 | D:5      | 3884 ||| FLEEEEING.
  3885 | D:5      | 3885 ||| FLEEEEING.
  3887 | D:5      | 3887 ||| FLEEEEING.
  3888 | D:5      | 3888 ||| FLEEEEING.
  3889 | D:5      | 3889 ||| FLEEEEING.
  3890 | D:5      | 3890 ||| FLEEEEING.
  3891 | D:5      | 3891 ||| FLEEEEING.
  3892 | D:5      | 3892 ||| FLEEEEING.
  3894 | D:5      | 3894 ||| FLEEEEING.
  3895 | D:5      | 3895 ||| FLEEEEING.
  3897 | D:5      | 3897 ||| FLEEEEING.
  3898 | D:5      | 3898 ||| FLEEEEING.
  3899 | D:5      | 3899 ||| FLEEEEING.
  3901 | D:5      | 3901 ||| FLEEEEING.
  3902 | D:5      | 3902 ||| FLEEEEING.
  3904 | D:5      | 3904 ||| FLEEEEING.
  3905 | D:5      | 3905 ||| STAIRDANCE
  3936 | D:5      | Reached XP level 7. HP: 35/35 MP: 8/8
  3938 | D:5      | 3938 ||| STAIRDANCE
  4017 | D:5      | 4017 ||| STAIRDANCE
  4107 | D:5      | Reached skill level 7 in Dodging
  4120 | D:5      | 4120 ||| FLEEEEING.
  4121 | D:5      | 4121 ||| FLEEEEING.
  4123 | D:5      | 4123 ||| FLEEEEING.
  4124 | D:5      | 4124 ||| FLEEEEING.
  4163 | D:5      | 4163 ||| FLEEEEING.
  4164 | D:5      | 4164 ||| FLEEEEING.
  4170 | D:5      | 4170 ||| FLEEEEING.
  4199 | D:5      | 4199 ||| FLEEEEING.
  4200 | D:5      | 4200 ||| FLEEEEING.
  4244 | D:5      | Found a radiant altar of Vehumet.
  4678 | D:5      | 4678 ||| DRINKING 2 bubbling emerald potions.
  4704 | D:6      | 4704 ||| STAIRDANCE
  4782 | D:6      | Reached skill level 8 in Dodging
  4782 | D:6      | Reached XP level 8. HP: 39/39 MP: 9/9
  4789 | D:6      | 4789 ||| FLEEEEING.
  4886 | D:6      | Reached skill level 3 in Fighting
  4897 | D:6      | 4897 ||| FLEEEEING.
  4898 | D:6      | 4898 ||| FLEEEEING.
  4899 | D:6      | 4899 ||| FLEEEEING.
  4900 | D:6      | 4900 ||| FLEEEEING.
  4906 | D:6      | 4906 ||| FLEEEEING.
  4907 | D:6      | 4907 ||| FLEEEEING.
  5104 | D:6      | Found Ifiusut's Assorted Antiques.
  5115 | D:6      | Reached skill level 9 in Ranged Weapons
  5130 | D:6      | HP: 9/40 [burnt (2)]
  5133 | D:6      | HP: 4/40 [burnt (2)]
  5275 | D:6      | 5275 ||| BUYING glowing black potion (27 gold).
  5275 | D:6      | Bought a glowing black potion for 27 gold pieces
  5275 | D:6      | 5275 ||| BUYING potion of curing (93 gold).
  5275 | D:6      | Bought a potion of curing for 93 gold pieces
  5275 | D:6      | 5275 ||| BUYING scroll labelled KUXIOL TETI (31 gold).
  5275 | D:6      | Bought a scroll labelled KUXIOL TETI for 31 gold pieces
  5275 | D:6      | 5275 ||| BUYING scroll of teleportation (93 gold).
  5275 | D:6      | Bought a scroll of teleportation for 93 gold pieces
  5298 | D:6      | Reached skill level 9 in Dodging
  5343 | D:6      | Noticed Duvessa
  5344 | D:6      | Noticed Grinder
  5346 | D:6      | Noticed Dowan
  5354 | D:6      | Killed Duvessa
  5364 | D:6      | Killed Dowan
  5372 | D:6      | Killed Grinder
  5443 | D:6      | Identified the +3 leather armour of the Equator {Will+++
                  | Str+3 Int-2 Dex+2}
  5465 | D:6      | Reached XP level 9. HP: 24/44 MP: 10/10
  5466 | D:6      | HP: 11/44 [poisoned by a kobold brigand (curare-tipped
                  | dart)]
  5467 | D:6      | 5467 ||| READING 3 scrolls of teleportation.
  5468 | D:6      | 5468 ||| DRINKING potion of heal wounds.
  5610 | D:6      | Reached skill level 10 in Dodging
  5842 | D:6      | 5842 ||| READING 2 scrolls of identify.
  5842 | D:6      | 5842 ||| IDENTIFYING metallic green potion
  5843 | D:6      | 5843 ||| READING scroll of identify.
  5843 | D:6      | 5843 ||| IDENTIFYING dark potion
  5844 | D:6      | 5844 ||| READING scroll labelled EQURYDI JESOR.
  5845 | D:6      | 5845 ||| READING scroll labelled KUXIOL TETI.
  5846 | D:6      | 5846 ||| READING scroll labelled ARASIYMMED.
  5846 | D:6      | 5846 ||| BRANDING +0 shortbow.
  5847 | D:6      | 5847 ||| DROPPING potion of magic.
  5848 | D:6      | 5848 ||| DROPPING potion of brilliance.
  5849 | D:6      | 5849 ||| DROPPING wand of flame (16).
  5877 | D:7      | Noticed Jeremiah
  5888 | D:7      | 5888 ||| FLEEEEING.
  5890 | D:7      | 5890 ||| FLEEEEING.
  5900 | D:7      | 5900 ||| FLEEEEING.
  5901 | D:7      | 5901 ||| FLEEEEING.
  5904 | D:7      | 5904 ||| FLEEEEING.
  5905 | D:7      | 5905 ||| FLEEEEING.
  5907 | D:7      | 5907 ||| FLEEEEING.
  5908 | D:7      | 5908 ||| FLEEEEING.
  5909 | D:7      | 5909 ||| FLEEEEING.
  5911 | D:7      | 5911 ||| FLEEEEING.
  5913 | D:7      | 5913 ||| FLEEEEING.
  5914 | D:7      | 5914 ||| FLEEEEING.
  5916 | D:7      | 5916 ||| FLEEEEING.
  5917 | D:7      | 5917 ||| FLEEEEING.
  5919 | D:7      | 5919 ||| FLEEEEING.
  5927 | D:7      | Killed Jeremiah
  5967 | D:7      | 5967 ||| FLEEEEING.
  5968 | D:7      | 5968 ||| FLEEEEING.
  5969 | D:7      | 5969 ||| FLEEEEING.
  5970 | D:7      | 5970 ||| FLEEEEING.
  5971 | D:7      | 5971 ||| FLEEEEING.
  5972 | D:7      | 5972 ||| FLEEEEING.
  5973 | D:7      | 5973 ||| FLEEEEING.
  5974 | D:7      | 5974 ||| FLEEEEING.
  5975 | D:7      | 5975 ||| FLEEEEING.
  5976 | D:7      | 5976 ||| FLEEEEING.
  5977 | D:7      | 5977 ||| FLEEEEING.
  5978 | D:7      | 5978 ||| FLEEEEING.
  5979 | D:7      | 5979 ||| FLEEEEING.
  5980 | D:7      | 5980 ||| FLEEEEING.
  5981 | D:7      | 5981 ||| FLEEEEING.
  5982 | D:7      | 5982 ||| FLEEEEING.
  5983 | D:7      | 5983 ||| FLEEEEING.
  5984 | D:7      | 5984 ||| FLEEEEING.
  5985 | D:7      | 5985 ||| FLEEEEING.
  5986 | D:7      | 5986 ||| FLEEEEING.
  5987 | D:7      | 5987 ||| FLEEEEING.
  5988 | D:7      | 5988 ||| FLEEEEING.
  5989 | D:7      | 5989 ||| FLEEEEING.
  5990 | D:7      | 5990 ||| FLEEEEING.
  5991 | D:7      | 5991 ||| STAIRDANCE
  5993 | D:6      | 5993 ||| FLEEEEING.
  5994 | D:6      | 5994 ||| FLEEEEING.
  5995 | D:6      | 5995 ||| FLEEEEING.
  5996 | D:6      | 5996 ||| FLEEEEING.
  5997 | D:6      | 5997 ||| FLEEEEING.
  5998 | D:6      | 5998 ||| FLEEEEING.
  5999 | D:6      | 5999 ||| FLEEEEING.
  6000 | D:6      | 6000 ||| FLEEEEING.
  6001 | D:6      | 6001 ||| FLEEEEING.
  6002 | D:6      | 6002 ||| FLEEEEING.
  6003 | D:6      | 6003 ||| FLEEEEING.
  6004 | D:6      | 6004 ||| FLEEEEING.
  6005 | D:6      | 6005 ||| FLEEEEING.
  6006 | D:6      | 6006 ||| FLEEEEING.
  6007 | D:6      | 6007 ||| FLEEEEING.
  6008 | D:6      | 6008 ||| FLEEEEING.
  6009 | D:6      | 6009 ||| FLEEEEING.
  6010 | D:6      | 6010 ||| FLEEEEING.
  6011 | D:6      | 6011 ||| FLEEEEING.
  6012 | D:6      | 6012 ||| FLEEEEING.
  6013 | D:6      | 6013 ||| FLEEEEING.
  6014 | D:6      | 6014 ||| FLEEEEING.
  6015 | D:6      | 6015 ||| FLEEEEING.
  6016 | D:6      | 6016 ||| UPGRADING to +2 robe of cold resistance.
  6030 | D:6      | 6030 ||| DROPPING +0 robe.
  6149 | D:7      | Noticed a troll
  6228 | D:7      | 6228 ||| RETREEEEATING.
  6235 | D:7      | 6235 ||| RETREEEEATING.
  6236 | D:7      | 6236 ||| FLEEEEING.
  6237 | D:7      | 6237 ||| FLEEEEING.
  6238 | D:7      | 6238 ||| FLEEEEING.
  6239 | D:7      | 6239 ||| FLEEEEING.
  6240 | D:7      | 6240 ||| FLEEEEING.
  6241 | D:7      | 6241 ||| FLEEEEING.
  6242 | D:7      | 6242 ||| FLEEEEING.
  6243 | D:7      | 6243 ||| FLEEEEING.
  6244 | D:7      | 6244 ||| FLEEEEING.
  6245 | D:7      | 6245 ||| FLEEEEING.
  6246 | D:7      | 6246 ||| FLEEEEING.
  6247 | D:7      | 6247 ||| FLEEEEING.
  6248 | D:7      | 6248 ||| FLEEEEING.
  6249 | D:7      | 6249 ||| FLEEEEING.
  6251 | D:7      | 6251 ||| FLEEEEING.
  6252 | D:7      | 6252 ||| FLEEEEING.
  6253 | D:7      | 6253 ||| FLEEEEING.
  6255 | D:7      | 6255 ||| FLEEEEING.
  6256 | D:7      | 6256 ||| FLEEEEING.
  6262 | D:7      | 6262 ||| FLEEEEING.
  6263 | D:7      | 6263 ||| FLEEEEING.
  6264 | D:7      | 6264 ||| FLEEEEING.
  6265 | D:7      | 6265 ||| FLEEEEING.
  6266 | D:7      | 6266 ||| FLEEEEING.
  6267 | D:7      | 6267 ||| FLEEEEING.
  6268 | D:7      | 6268 ||| FLEEEEING.
  6269 | D:7      | 6269 ||| FLEEEEING.
  6270 | D:7      | 6270 ||| FLEEEEING.
  6271 | D:7      | 6271 ||| FLEEEEING.
  6272 | D:7      | 6272 ||| FLEEEEING.
  6273 | D:7      | 6273 ||| FLEEEEING.
  6274 | D:7      | 6274 ||| FLEEEEING.
  6276 | D:7      | 6276 ||| FLEEEEING.
  6277 | D:7      | 6277 ||| FLEEEEING.
  6278 | D:7      | 6278 ||| FLEEEEING.
  6279 | D:7      | 6279 ||| FLEEEEING.
  6285 | D:7      | 6285 ||| STAIRDANCE
  6409 | D:7      | Reached skill level 11 in Dodging
  6549 | D:7      | Found a staircase to the Ecumenical Temple.
  6550 | D:7      | 6550 ||| PLANNING TEMPLE
  6550 | D:7      | 6550 ||| READING scroll labelled DALENTOLUSK.
  6550 | D:7      | Identified a scroll of acquirement
  6550 | D:7      | 6550 ||| ACQUIRING +2 heavy sling
  6550 | D:7      | Acquired a +2 heavy sling
  6560 | Temple   | Entered the Ecumenical Temple
  6561 | Temple   | 6561 ||| PLANNING OKAWARU WORSHIP
  6579 | Temple   | Became a worshipper of Warmaster Okawaru
  6580 | Temple   | 6580 ||| PLANNING D:1-11
  6695 | D:7      | 6695 ||| FLEEEEING.
  6697 | D:7      | 6697 ||| FLEEEEING.
  6698 | D:7      | 6698 ||| FLEEEEING.
  6699 | D:7      | 6699 ||| FLEEEEING.
  6700 | D:7      | 6700 ||| FLEEEEING.
  6701 | D:7      | 6701 ||| FLEEEEING.
  6969 | D:7      | 6969 ||| READING scroll of brand weapon.
  6969 | D:7      | 6969 ||| BRANDING +0 shortbow of draining.
  6970 | D:7      | 6970 ||| DROPPING +2 heavy sling.
  7114 | D:8      | Noticed a two-headed ogre
  7120 | D:8      | Killed a two-headed ogre
  7120 | D:8      | Reached * piety under Okawaru
  7120 | D:8      | Reached ** piety under Okawaru
  7121 | D:8      | Reached skill level 12 in Dodging
  7121 | D:8      | Reached XP level 10. HP: 50/50 MP: 11/11
  7152 | D:8      | Found a bloodstained altar of Trog.
  7274 | D:8      | Reached skill level 1 in Invocations
  7332 | D:8      | Reached skill level 3 in Invocations
  7404 | D:8      | Found a staircase to the Lair.
  7455 | D:8      | Reached *** piety under Okawaru
  7608 | D:8      | Noticed a two-headed ogre
  7609 | D:8      | 7609 ||| INVOKING Heroism.
  7615 | D:8      | Killed a two-headed ogre
  7616 | D:8      | Reached skill level 12 in Ranged Weapons
  7857 | D:8      | 7857 ||| PLANNING LAIR
  7857 | D:8      | 7857 ||| READING scroll of identify.
  7857 | D:8      | 7857 ||| IDENTIFYING yellow potion
  7858 | D:8      | 7858 ||| READING scroll labelled PYNUNNIFEPEBB.
  7858 | D:8      | 7858 ||| ENCHANTING +1 cloak.
  7859 | D:8      | 7859 ||| DROPPING potion of attraction.
  7926 | Lair:1   | Entered Level 1 of the Lair of Beasts
  7968 | Lair:1   | Found an ancient bone altar of Kikubaaqudgha.
  8072 | Lair:1   | Noticed a cane toad
  8073 | Lair:1   | 8073 ||| ZAPPING wand of acid (11) at -5,-4 (cane toad;
                  | floor).
  8074 | Lair:1   | 8074 ||| ZAPPING wand of acid (10) at -3,-2 (cane toad;
                  | floor).
  8075 | Lair:1   | 8075 ||| ZAPPING wand of acid (9) at -3,-1 (cane toad;
                  | floor).
  8075 | Lair:1   | Killed a cane toad
  8176 | Lair:1   | Reached skill level 13 in Dodging
  8183 | Lair:1   | 8183 ||| RETREEEEATING.
  8184 | Lair:1   | 8184 ||| RETREEEEATING.
  8185 | Lair:1   | 8185 ||| RETREEEEATING.
  8186 | Lair:1   | 8186 ||| RETREEEEATING.
  8187 | Lair:1   | 8187 ||| RETREEEEATING.
  8188 | Lair:1   | 8188 ||| RETREEEEATING.
  8189 | Lair:1   | 8189 ||| RETREEEEATING.
  8190 | Lair:1   | 8190 ||| RETREEEEATING.
  8202 | Lair:1   | 8202 ||| RETREEEEATING.
  8203 | Lair:1   | 8203 ||| RETREEEEATING.
  8214 | Lair:1   | Reached **** piety under Okawaru
  8216 | Lair:1   | Reached XP level 11. HP: 35/55 MP: 15/15
  8577 | Lair:1   | 8577 ||| RETREEEEATING.
  8578 | Lair:1   | 8578 ||| RETREEEEATING.
  8579 | Lair:1   | 8579 ||| RETREEEEATING.
  8580 | Lair:1   | 8580 ||| RETREEEEATING.
  8674 | Lair:1   | Noticed an oklob plant
  8675 | Lair:1   | 8675 ||| ZAPPING wand of acid (8) at 0,5 (oklob plant;
                  | floor).
  8676 | Lair:1   | 8676 ||| INVOKING Finesse.
  8709 | Lair:1   | Killed an oklob plant
  8821 | Lair:1   | Noticed a five-headed hydra
  8822 | Lair:1   | 8822 ||| INVOKING Finesse.
  8831 | Lair:1   | Killed a five-headed hydra
  8893 | Lair:1   | 8893 ||| INVOKING Finesse.
  8898 | Lair:1   | Reached skill level 6 in Invocations
  9160 | Lair:1   | 9160 ||| UPGRADING to amulet of the acrobat.
  9165 | Lair:1   | 9165 ||| DROPPING ring of wizardry.
  9166 | Lair:1   | 9166 ||| READING 2 scrolls of identify.
  9166 | Lair:1   | 9166 ||| IDENTIFYING sapphire potion
  9167 | Lair:1   | 9167 ||| READING scroll of identify.
  9167 | Lair:1   | 9167 ||| IDENTIFYING 2 amethyst potions
  9168 | Lair:1   | 9168 ||| READING scroll labelled DEEVOP RIHAM.
  9169 | Lair:1   | 9169 ||| DRINKING 2 glowing black potions.
  9170 | Lair:1   | 9170 ||| DROPPING potion of berserk rage.
  9171 | Lair:1   | 9171 ||| DROPPING potion of degeneration.
  9307 | Lair:2   | 9307 ||| INVOKING Finesse.
  9516 | Lair:2   | 9516 ||| RETREEEEATING.
  9517 | Lair:2   | 9517 ||| RETREEEEATING.
  9518 | Lair:2   | 9518 ||| RETREEEEATING.
  9520 | Lair:2   | 9520 ||| RETREEEEATING.
  9603 | Lair:2   | Found a staircase to the Shoals.
  9800 | Lair:2   | Found a hole to the Spider Nest.
  9910 | Lair:2   | Reached ***** piety under Okawaru
  9933 | Lair:2   | HP: 13/55 [culicivora (14)]
  9934 | Lair:2   | 9934 ||| READING 5 scrolls of teleportation.
 10213 | Lair:2   | 10213 ||| RETREEEEATING.
 10238 | Lair:2   | Reached XP level 12. HP: 26/60 MP: 19/19
 10457 | Lair:2   | 10457 ||| READING scroll of identify.
 10457 | Lair:2   | 10457 ||| IDENTIFYING viscous clear potion
 10501 | Lair:3   | 10501 ||| RETREEEEATING.
 10502 | Lair:3   | 10502 ||| RETREEEEATING.
 10503 | Lair:3   | 10503 ||| STAIRDANCE
 10609 | Lair:3   | 10609 ||| RETREEEEATING.
 10611 | Lair:3   | 10611 ||| RETREEEEATING.
 10613 | Lair:3   | 10613 ||| RETREEEEATING.
 10616 | Lair:3   | 10616 ||| RETREEEEATING.
 10617 | Lair:3   | Received a gift from Okawaru
 10624 | Lair:3   | Reached skill level 14 in Dodging
 10625 | Lair:3   | HP: 14/60 [komodo dragon (24)]
 10626 | Lair:3   | 10626 ||| READING 5 scrolls of teleportation.
 10627 | Lair:3   | 10627 ||| DRINKING potion of heal wounds.
 10842 | Lair:3   | 10842 ||| INVOKING Finesse.
 10847 | Lair:3   | 10847 ||| RETREEEEATING.
 10848 | Lair:3   | 10848 ||| RETREEEEATING.
 10875 | Lair:3   | 10875 ||| RETREEEEATING.
 10880 | Lair:3   | Noticed a death yak
 10884 | Lair:3   | Reached skill level 9 in Invocations
 10888 | Lair:3   | 10888 ||| INVOKING Finesse.
 10898 | Lair:3   | Killed a death yak
 11038 | Lair:3   | 11038 ||| RETREEEEATING.
 11039 | Lair:3   | 11039 ||| INVOKING Finesse.
 11040 | Lair:3   | 11040 ||| INVOKING Heroism.
 11096 | Lair:3   | Received a gift from Okawaru
 11097 | Lair:3   | Reached skill level 15 in Dodging
 11103 | Lair:3   | Reached skill level 6 in Fighting
 11107 | Lair:3   | 11107 ||| FLEEEEING.
 11108 | Lair:3   | 11108 ||| FLEEEEING.
 11109 | Lair:3   | 11109 ||| FLEEEEING.
 11110 | Lair:3   | 11110 ||| FLEEEEING.
 11111 | Lair:3   | 11111 ||| FLEEEEING.
 11113 | Lair:3   | 11113 ||| FLEEEEING.
 11114 | Lair:3   | 11114 ||| FLEEEEING.
 11115 | Lair:3   | 11115 ||| FLEEEEING.
 11116 | Lair:3   | 11116 ||| FLEEEEING.
 11117 | Lair:3   | 11117 ||| FLEEEEING.
 11118 | Lair:3   | 11118 ||| FLEEEEING.
 11119 | Lair:3   | 11119 ||| FLEEEEING.
 11120 | Lair:3   | 11120 ||| FLEEEEING.
 11200 | Lair:3   | 11200 ||| INVOKING Finesse.
 11202 | Lair:3   | HP: 2/61 [skyshark (23)]
 11203 | Lair:3   | 11203 ||| READING 4 scrolls of teleportation.
 11211 | Lair:3   | 11211 ||| READING 3 scrolls of teleportation.
 11220 | Lair:3   | 11220 ||| FLEEEEING.
 11221 | Lair:3   | 11221 ||| READING 2 scrolls of teleportation.
 11232 | Lair:3   | 11232 ||| FLEEEEING.
 11233 | Lair:3   | 11233 ||| FLEEEEING.
 11234 | Lair:3   | 11234 ||| FLEEEEING.
 11235 | Lair:3   | 11235 ||| FLEEEEING.
 11246 | Lair:3   | 11246 ||| FLEEEEING.
 11247 | Lair:3   | 11247 ||| FLEEEEING.
 11248 | Lair:3   | 11248 ||| STAIRDANCE
 11408 | Lair:2   | 11408 ||| READING scroll of identify.
 11408 | Lair:2   | 11408 ||| IDENTIFYING brown potion
 11441 | Lair:3   | Noticed Urug
 11452 | Lair:3   | Noticed a six-headed hydra
 11453 | Lair:3   | 11453 ||| RETREEEEATING.
 11454 | Lair:3   | 11454 ||| RETREEEEATING.
 11460 | Lair:3   | 11460 ||| RETREEEEATING.
 11462 | Lair:3   | 11462 ||| RETREEEEATING.
 11463 | Lair:3   | 11463 ||| RETREEEEATING.
 11464 | Lair:3   | 11464 ||| RETREEEEATING.
 11465 | Lair:3   | 11465 ||| RETREEEEATING.
 11470 | Lair:3   | 11470 ||| RETREEEEATING.
 11471 | Lair:3   | 11471 ||| RETREEEEATING.
 11472 | Lair:3   | 11472 ||| RETREEEEATING.
 11474 | Lair:3   | 11474 ||| RETREEEEATING.
 11476 | Lair:3   | 11476 ||| ZAPPING wand of acid (7) at 3,-2 (six-headed
                  | hydra; floor).
 11477 | Lair:3   | Killed Urug
 11478 | Lair:3   | 11478 ||| ZAPPING wand of acid (6) at 2,-1 (six-headed
                  | hydra; floor).
 11479 | Lair:3   | Reached skill level 16 in Dodging
 11479 | Lair:3   | 11479 ||| INVOKING Finesse.
 11483 | Lair:3   | Killed a six-headed hydra
 11484 | Lair:3   | Reached skill level 1 in Armour
 11620 | Lair:3   | 11620 ||| RETREEEEATING.
 11621 | Lair:3   | 11621 ||| RETREEEEATING.
 11622 | Lair:3   | 11622 ||| RETREEEEATING.
 11637 | Lair:3   | 11637 ||| INVOKING Finesse.
 11651 | Lair:3   | Reached XP level 13. HP: 37/65 MP: 16/21
 11988 | Lair:3   | Reached skill level 17 in Dodging
 12076 | Lair:3   | Received a gift from Okawaru
 12408 | Lair:3   | 12408 ||| READING scroll labelled KUEQOI MUELESTRISCHU.
 12408 | Lair:3   | 12408 ||| ENCHANTING +0 heavy shortbow.
 12421 | Lair:4   | 12421 ||| PLANNING GAUNTLET
 13091 | Lair:4   | Found a gate leading to a gauntlet.
 13092 | Lair:4   | 13092 ||| READING scroll labelled GUEN OSTRANNE.
 23305 | Lair:4   | 23305 ||| qw: Version: 0.3-a-160-g6735b56
 23305 | Lair:4   | 23305 ||| qw: Game counter: 6232
 23305 | Lair:4   | 23305 ||| qw: Melee chars always use a shield: true
 23305 | Lair:4   | 23305 ||| qw: Do Orc after clearing Dungeon:15 true
 23305 | Lair:4   | 23305 ||| qw: Do second Lair branch before Depths: true
 23305 | Lair:4   | 23305 ||| qw: Lair rune preference: random
 23305 | Lair:4   | 23305 ||| qw: Goals: Normal
 23305 | Lair:4   | 23305 ||| RIP GAUNTLET
 23305 | Lair:4   | 23305 ||| PLANNING LAIR
 23455 | Lair:4   | 23455 ||| qw: Version: 0.3-a-160-g6735b56
 23455 | Lair:4   | 23455 ||| qw: Game counter: 6232
 23455 | Lair:4   | 23455 ||| qw: Melee chars always use a shield: true
 23455 | Lair:4   | 23455 ||| qw: Do Orc after clearing Dungeon:15 true
 23455 | Lair:4   | 23455 ||| qw: Do second Lair branch before Depths: true
 23455 | Lair:4   | 23455 ||| qw: Lair rune preference: random
 23455 | Lair:4   | 23455 ||| qw: Goals: Normal
 23455 | Lair:4   | 23455 ||| PLANNING LAIR
 23717 | Lair:5   | Entered Level 5 of the Lair of Beasts
 23836 | Lair:5   | 23836 ||| SWAPPING to +0 orcbow.
 23837 | Lair:5   | 23837 ||| DROPPING +1 heavy shortbow.
 23838 | Lair:5   | 23838 ||| READING 3 scrolls of brand weapon.
 23838 | Lair:5   | 23838 ||| BRANDING +0 orcbow.
 23886 | Lair:5   | 23886 ||| INVOKING Finesse.
 23888 | Lair:5   | HP: 15/67 [black mamba (7)]
 23889 | Lair:5   | 23889 ||| READING 3 scrolls of teleportation.
 23890 | Lair:5   | HP: 1/67 [wind drake/the air (14)]
 23890 | Lair:5   | Mangled by a black mamba

Levels and vault maps discovered:
D:1:      dpeg_arrival_circle_labyrinth_c, layout_basic, serial_bayou_pond_b,
          minmay_misc_feat_square, minmay_stone_trees_large
D:2:      layout_basic, serial_bayou_lagoon_a
D:3:      layout_basic, riverfiend_overflow_shadow_ancestor,
          grunt_temple_overflow_open, shapermc_ecumenical_altar_acropolis,
          minmay_surrounded
D:4:      layout_basic, old_standard_altar, serial_corexii_hall,
          corexii_hall_statues_l, corexii_hall_statues_t, nicolae_stop_n_shop_1,
          nicolae_titane
D:5:      layout_rooms, mainiacjoe_overflow_paths
D:6:      layout_cave_pools, serial_shops, nicolae_shop_window_shopping,
          minmay_manual_mail, uniq_duvessa, uniq_grinder
D:7:      layout_basic, temple_hall, kb_lookout_dungeons_type,
          lightli_corner_chamber, uniq_jeremiah
D:8:      layout_layer_cave, bloody_trog, minmay_lair_entry_grove
Temple:   chequers_temple_sunken
Lair:1:   lemuel_slime, layout_long_grid, basic_altar, serial_bayou_ford_a,
          pdpol_lair_cavern_descent, lemuel_fruit_tree
Lair:2:   layout_chaotic_city, minmay_shoals_entry_hut,
          nicolae_spider_entry_tight_spaces, lemuel_fruit_fields
Lair:3:   nzn_winding_woodlands_cross [nzn_winding_woodlands_5x15_jagged,
          nzn_winding_woodlands_5x15_sidewinder,
          nzn_winding_woodlands_5x15_pockets, nzn_winding_woodlands_5x15_parted,
          nzn_winding_woodlands_15x15_killbox], layout_regular_city,
          beast_lair_carwin_2, uniq_urug
Lair:4:   layout_cave_pods, gauntlet_entry_generic,
          chequers_serial_rivers_marsh, chequers_serial_rivers_small_a,
          dpeg_oklob_1
Lair:5:   gammafunk_lair_ancient_temple, layout_regular_city, slime_entry_1,
          eino_small_chamber_without_monster, minmay_hedge_maze

Skill      XL: |  1  2  3  4  5  6  7  8  9 10 11 12 13 |
---------------+----------------------------------------+-----
Dodging        | 3 4 5 6 8 9 12 13 16 17 | 17.5
Ranged Weapons | 5 6 7 8 10 11 12 14 | 14.1
Fighting       | 2 3 4 5 6 7 |  7.0
Invocations    | 4 8 10 | 10.0
Armour         | 1 |  1.2
Stealth        | |  1.5

Action                     |  1- 3 |  4- 6 |  7- 9 | 10-12 | 13-15 || total
---------------------------+-------+-------+-------+-------+-------++-------
   Fire: Shortbow          |   156 |   239 |   365 |   683 |   103 ||  1546
         Orcbow            |       |       |       |       |    21 ||    21
 Invoke: Heroism           |       |       |       |     2 |       ||     2
         Finesse           |       |       |       |    10 |     1 ||    11
  Evoke: Wand              |       |       |       |     6 |       ||     6
    Use: Scroll            |     6 |     3 |     8 |    12 |     4 ||    33
         Potion            |       |     1 |     2 |     2 |       ||     5
 Armour: Robe              |    12 |    45 |    41 |    96 |    17 ||   211
         Skin              |       |       |     1 |       |       ||     1
  Dodge: Dodged            |    40 |   124 |   125 |   422 |    72 ||   783

Table legend:
 A = Non-vault XP
 B = Vault XP
 C = Vault XP percentage of total XP
 D = Non-vault monster count
 E = Vault monster count
 F = Vault count percentage of total count
                 A         B        C        D         E       F
            +---------+---------+-------+---------+---------+-------
      Total |   26024 |   20846 |  44.5 |     251 |     106 |  29.7
            +---------+---------+-------+---------+---------+-------
        D:1 |      32 |       8 |  20.0 |      19 |       4 |  17.4
        D:2 |      49 |       0 |   0.0 |      24 |       0 |   0.0
        D:3 |     112 |      14 |  11.1 |      32 |       5 |  13.5
        D:4 |     283 |       0 |   0.0 |      19 |       0 |   0.0
        D:5 |     820 |       0 |   0.0 |      22 |       0 |   0.0
        D:6 |    1164 |     828 |  41.6 |      21 |       8 |  27.6
        D:7 |     967 |     494 |  33.8 |      20 |       2 |   9.1
        D:8 |    2483 |    1684 |  40.4 |      14 |      10 |  41.7
     Lair:1 |    3906 |    2997 |  43.4 |      20 |      29 |  59.2
     Lair:2 |    4402 |    2192 |  33.2 |      18 |      10 |  35.7
     Lair:3 |    8924 |   11277 |  55.8 |      32 |      34 |  51.5
     Lair:4 |    2686 |     505 |  15.8 |       9 |       1 |  10.0
     Lair:5 |     196 |     847 |  81.2 |       1 |       3 |  75.0
            +---------+---------+-------+---------+---------+-------
